 Dungeon Crawl Stone Soup version 0.32-a0-42-ga30500b4d3 (webtiles) character file.

Game seed: 11305301212045224671

409 lunkers the Trooper (level 6, 0/102 HPs)
             Began as an Oni Berserker on Feb 2, 2024.
             Was a Priest of Trog.
             Slain by Grinder (6 damage)
             ... while paralysed by Grinder
             ... in a sewer.
             The game lasted 00:05:30 (3032 turns).

lunkers the Trooper (Oni Berserker)                 Turns: 3032, Time: 00:05:31

Health: 0/102      AC:  3    Str: 24    XL:     6   Next: 89%
Magic:  6/6        EV:  1    Int:  8    God:    Trog [***...]
Gold:   60         SH:  0    Dex:  8    Spells: 5/5 levels left

rFire   . . .        a - +1 whip (elec)
rCold   . . .        (no shield)
rNeg    . . .        b - +0 animal skin
rPois   .            (helmet restricted)
rElec   .            (no cloak)
rCorr   .            (gloves unavailable)
SInv    .            (boots unavailable)
Will    .....        (no amulet) Stlth
                     (no ring)
HPRegen 0.37/turn    (no ring)
MPRegen 0.10/turn

%: no passive effects
@: paralysed, berserking
A: large, unfitting armour, horns 1, tough skin 1, double potion healing,
drunken brawling
a: Renounce Religion, Berserk, Trog's Hand


You were in a sewer.
You worshipped Trog.
Trog was most pleased with you.
You visited 1 branch of the dungeon, and saw 4 of its levels.
You also visited: Sewer.

You collected 60 gold pieces.

Inventory:

Hand Weapons
 a - a +1 whip of electrocution (weapon)
 p - a +0 mace
 s - the +6 sling of Verdant Optimality {antimagic, Stlth+}
   (You found it on level 3 of the Dungeon)

   Stlth+:    It makes you more stealthy.
Missiles
 m - 6 javelins
 o - 24 stones
Armour
 b - a +0 animal skin (worn)
 t - a +0 kite shield
Scrolls
 d - a scroll of amnesia {unknown}
 f - a scroll of identify {unknown}
 g - a scroll of enchant weapon {unknown}
 h - 2 scrolls of teleportation {unknown}
 l - 2 scrolls of revelation {unknown}
Potions
 c - a potion of invisibility {unknown}
 e - a potion of mutation {unknown}
 i - a potion of curing {unknown}
 j - a potion of might {unknown}
 k - 3 potions of degeneration {unknown}
 n - a potion of enlightenment {unknown}
 q - 2 potions of heal wounds {unknown}
 r - a potion of ambrosia {unknown}


   Skills:
 + Level 6.5 Fighting
 * Level 6.3 Maces & Flails
 - Level 2.6 Dodging


You had 5 spell levels left.
You didn't know any spells.
Your spell library was empty.

Dungeon Overview and Level Annotations

Branches:
Dungeon (4/15)              Sewer (1/1)
 Temple: D:4-7

Altars:

Annotations:
Sewer Grinder


Innate Abilities, Weirdness & Mutations

You are too large for most types of armour.
You have a pair of small horns on your head.
You have tough skin. (AC +1)
You gain doubled healing and magic from potions.
Whenever you drink a healing potion, you attack all around you.


Message History

There is an open door, spattered with blood here.
Items here: ( ))) †††.
You hit the kobold brigand but do no damage.
Lightning courses through the kobold brigand!!
Your headbutt misses the kobold brigand.
The kobold brigand is severely wounded.
The kobold brigand hits you with a +0 short sword.
* * * LOW HITPOINT WARNING * * *
You whack the kobold brigand!
You kill the kobold brigand!
Trog accepts your kill.
Grinder blinks!
Grinder hits you!
* * * LOW HITPOINT WARNING * * *
You writhe in agony.
* * * LOW HITPOINT WARNING * * *
A red film seems to cover your vision as you go berserk!
You feel yourself moving faster!
You feel mighty! Grinder hits you but does no damage.
Unknown command.
You whack Grinder!
Grinder is lightly wounded.
Grinder gestures at you.
You suddenly lose the ability to move!
Grinder hits you.
* * * LOW HITPOINT WARNING * * *
You writhe in agony.
* * * LOW HITPOINT WARNING * * *
Grinder gestures at you. Pain shoots through your body!
* * * LOW HITPOINT WARNING * * *
Grinder hits you.
* * * LOW HITPOINT WARNING * * *
You writhe in agony.
* * * LOW HITPOINT WARNING * * *
Grinder hits you!
* * * LOW HITPOINT WARNING * * *
You writhe in agony.
You die...
Grinder says, "Now the real fun starts!"

##'''## ##.....#####
#..§.§..#≈≈~
+.......'...
+.§._.§.'...
+.......'.. #.5.§...#
#@).#
#############)####
#≈≈≈#≈≈≈≈≈≈#.).#~~~
#≈~~~~~~.~~..)..~.~~~~
#≈~~#))....#...#......
#≈~~#'#######≈#######+#
#≈~~#......#≈≈≈#......#
#≈~~#~~~~..#≈≈≈#..~~.~#
#~~~#~≈≈≈~...≈...~~≈≈≈#


You could see Grinder.

Vanquished Creatures
  A kobold brigand (Sewer)
  2 bombardier beetles
  A quasit (Sewer)
  Natasha (thrice) (D:2)
  4 gnolls (D:3)
  A shadow imp (Sewer)
  3 ufetubi (Sewer)
  4 dart slugs
  3 ribbon worms
  2 orcs
  10 ball pythons
  11 bats
  6 endoplasms
  9 giant cockroaches
  3 hobgoblins
  4 jackals (D:2)
  3 quokkas
  2 frilled lizards
  3 goblins
  13 kobolds
  4 rats
92 creatures vanquished.

Notes
Turn   | Place    | Note
-------+----------+-------------------------------------------
     0 | D:1      | lunkers the Oni Berserker began the quest for the Orb.
     0 | D:1      | Reached XP level 1. HP: 24/24 MP: 1/1
    35 | D:1      | Found a faded altar of an unknown god.
    75 | D:1      | Reached XP level 2. HP: 32/32 MP: 2/2
   419 | D:1      | Reached ** piety under Trog
   420 | D:1      | Reached XP level 3. HP: 40/40 MP: 3/3
  1102 | D:2      | Noticed Natasha
  1116 | D:2      | Killed Natasha
  1117 | D:2      | Reached skill level 5 in Fighting
  1117 | D:2      | Reached XP level 4. HP: 12/50 MP: 4/4
  1246 | D:2      | Noticed Natasha
  1257 | D:2      | Killed Natasha
  1388 | D:2      | Noticed Natasha
  1395 | D:2      | Killed Natasha
  1396 | D:2      | Reached XP level 5. HP: 34/57 MP: 5/5
  1904 | D:3      | Reached skill level 5 in Maces & Flails
  2219 | D:3      | Identified the +6 sling of Verdant Optimality {antimagic,
                  | Stlth+}
  2763 | D:4      | Reached XP level 6. HP: 67/67 MP: 6/6
  2814 | D:4      | Found a glowing drain.
  2841 | Sewer    | Entered a sewer
  2860 | Sewer    | Reached *** piety under Trog
  2993 | Sewer    | Found a burning altar of Makhleb.
  3012 | Sewer    | Noticed Grinder
  3028 | Sewer    | Paralysed by Grinder for 4 turns
  3032 | Sewer    | Slain by Grinder

Illustrated notes

Levels and vault maps discovered:
D:1:      minmay_arrival_open_corners, layout_basic,
          shapermc_ecumenical_altar_rom_forum, minivault_4
D:2:      layout_loops_corners, uniq_natasha
D:3:      layout_basic, minmay_misc_feat_alley,
          wander_ebering_terrifying_dragon_lair
D:4:      layout_basic, serial_shops, kennysheep_mini,
          cheibrodos_sewer_entry_drain
Sewer:    kennysheep_sewer_church

Skill      XL: |  1  2  3  4  5  6 |
---------------+-------------------+-----
Maces & Flails | 4 5 6 |  6.3
Fighting       | 5 6 |  6.5
Dodging        | |  2.6

Action                     |  1- 3 |  4- 6 || total
---------------------------+-------+-------++-------
  Melee: Mace              |    91 |    42 ||   133
         Headbutt          |    10 |    14 ||    24
         Whip              |       |   109 ||   109
  Throw: Stone             |       |     3 ||     3
         Javelin           |       |     2 ||     2
 Invoke: Berserk           |     1 |     3 ||     4
   Stab: Sleeping          |     1 |     1 ||     2
         Held in net/web   |     1 |       ||     1
 Armour: Animal skin       |    79 |    95 ||   174
  Dodge: Dodged            |    86 |    84 ||   170

Table legend: (Time is in decaauts)
 A = Elapsed time spent in this place.
 B = Non-inter-level travel time spent in this place.
 C = Inter-level travel time spent in this place.
 D = Time resting spent in this place.
 E = Time spent auto-exploring this place.
 F = Levels seen in this place.
 G = Mean time per level.
                   A        B        C        D        E       F      G
               +--------+--------+--------+--------+--------+-----+--------+
         Total |   3073 |   2994 |     79 |      0 |   2461 |   5 |  614.6 |
       Dungeon |   2893 |   2814 |     79 |      0 |   2353 |   4 |  723.2 |
         Sewer |    179 |    179 |      0 |      0 |    108 |   1 |  179.0 |
               +--------+--------+--------+--------+--------+-----+--------+

Top non-repeatable levels by time:
     D:2: 1170 daAuts
     D:3: 924 daAuts
     D:1: 706 daAuts
   Sewer: 179 daAuts
     D:4: 91 daAuts
